 Dungeon Crawl Stone Soup version 0.28-a0-425-gd0eccab (webtiles) character file.

Game seed: 7161325419008857587

738 Sixotanaka the Chiller (level 7, -10/46 HPs)
             Began as a Merfolk Ice Elementalist on Sept 9, 2021.
             Was a Believer of Vehumet.
             Mangled by Harold (19 damage)
             ... on level 7 of the Dungeon.
             The game lasted 00:15:34 (5913 turns).

Sixotanaka the Chiller (Merfolk Ice Elementalist)   Turns: 5913, Time: 00:15:34

Health: -10/46     AC:  7    Str:  9    XL:     7   Next: 75%
Magic:  10/10      EV:  6    Int: 16    God:    Vehumet [**....]
Gold:   301        SH:  0    Dex: 14    Spells: 2/10 levels left

rFire   . . .      SeeInvis +   g - +0 spear
rCold   . . .      Faith    .   (no shield)
rNeg    . . .      Spirit   .   i - +0 leather armour
rPois   .          Reflect  .   (no helmet)
rElec   .          Harm     .   c - +2 cloak
rCorr   .          Rampage  .   j - +0 pair of gloves
Will    .....                   (no boots)
Stlth   ++........              (no amulet)
HPRegen 0.15/turn               b - ring of see invisible
MPRegen 0.12/turn               (no ring)

@: held
A: (nimble swimmer 2), mertail
a: Renounce Religion


You were on level 7 of the Dungeon.
You worshipped Vehumet.
Vehumet was pleased with you.
You visited 1 branch of the dungeon, and saw 7 of its levels.

You collected 301 gold pieces.

Inventory:

Hand Weapons
 g - a +0 spear (weapon)
Armour
 c - a +2 cloak (worn)
 i - a +0 leather armour (worn)
 j - a +0 pair of gloves (worn)
 n - a +0 helmet
Jewellery
 b - a ring of see invisible (left hand)
 y - a ring of magical power
Wands
 s - a wand of paralysis (6)
 w - a wand of acid (6)
Scrolls
 a - 2 scrolls of amnesia {unknown}
 k - a scroll of fog {unknown}
 m - 3 scrolls of teleportation
 p - a scroll of noise {unknown}
 r - a scroll of identify {unknown}
 t - a scroll of silence {unknown}
 u - 2 scrolls of enchant weapon {unknown}
 x - a scroll of immolation {unknown}
Potions
 d - 3 potions of lignification {unknown}
 e - a potion of might
 f - 4 potions of heal wounds {unknown}
 h - a potion of ambrosia {unknown}
 l - 3 potions of curing {unknown}
 o - 3 potions of attraction {unknown}
 q - 2 potions of resistance {unknown}
 v - 2 potions of flight {unknown}
 z - a potion of mutation {unknown}
 A - a potion of haste {unknown}


   Skills:
 + Level 7.2 Polearms
 - Level 2.6 Dodging
 - Level 2.1 Stealth
 - Level 2.0 Spellcasting
 + Level 1.7 Conjurations
 + Level 7.9 Ice Magic


You had 2 spell levels left.
You knew the following spells:

 Your Spells              Type           Power      Damage    Failure   Level
a - Freeze                Ice            100%       1d11      1%          1
b - Frozen Ramparts       Ice            54%        1d7       3%          3
c - Ozocubu's Armour      Ice            27%        N/A       3%          3
d - Foxfire               Conj/Fire      16%        2x1d4     21%         1

Your spell library contained the following spells:

 Spells                   Type           Power      Damage    Failure   Level
 Scorch                   Fire           2%         2d5       41%         2
 Sandblast                Erth           2%         2d4       28%         1
 Summon Small Mammal      Summ           4%         N/A       28%         1
 Corpse Rot               Necr/Air       N/A        N/A       41%         2
 Passwall                 Tmut/Erth      0%         N/A       41%         2
 Hailstorm                Conj/Ice       17%        3d6       36%         4
 Conjure Flame            Conj/Fire      4%         6-21      52%         3
 Stone Arrow              Conj/Erth      8%         3d7       52%         3
 Call Canine Familiar     Summ           1%         N/A       65%         3
 Inner Flame              Hex/Fire       1%         N/A       65%         3
 Portal Projectile        Hex/Tloc       2%         N/A       65%         3
 Summon Guardian Golem    Hex/Summ       1%         N/A       65%         3
 Flame Wave               Conj/Fire      4%         3d3       90%         4
 Leda's Liquefaction      Hex/Erth       0%         N/A       96%         4
 Summon Lightning Spire   Summ/Air       1%         N/A       96%         4


Dungeon Overview and Level Annotations

Branches:
Dungeon (7/15)
 Temple: D:4-7

Altars:
Ashenzari
Gozag
Kikubaaqudgha
Okawaru
Sif Muna
Uskayaw
Vehumet
Xom
The Shining One

Annotations:
D:4 Menkaure
D:6 exclusions: 2 downstairs and upstairs, Sigmund
D:7 Harold


Innate Abilities, Weirdness & Mutations

((You are quick and stealthy near water. (Stealth+, EV+, Speed+++)))
Your lower body shifts to a powerful aquatic tail in water.


Message History

The crimson imp is almost dead.
The crimson imp blinks!
The crimson imp blinks!
You hit the crimson imp but do no damage.
The crimson imp is severely wounded.
The crimson imp barely misses you.
Casting: Freeze (safe; 1% risk of failure)
Confirm with . or Enter, or press ? or * to list all spells.
Aiming: Freeze (safe; 1% risk of failure)
Press: ? - help, Shift-Dir - straight line, f/p - crimson imp
Aim: a crimson imp, wielding a +0 mace (severely wounded)
You freeze the crimson imp!
The crimson imp is frozen!
You kill the crimson imp!
Vehumet accepts your kill.
Your icy armour cracks and falls away as you move.
u - 2 scrolls labelled CYTULIBOSO (gained 1)
Things that are here:
a +0 mace; a black bear corpse You start resting.
Magic restored.
You see here an adder corpse.
Found a robe.
There is an open door here.
Found a stone staircase leading down.
Found a +1 dagger of chaos.
There is a stone staircase leading down here.
You climb downwards.
Harold throws a throwing net.
The throwing net hits you.
You become entangled in the net!
There is a stone staircase leading up here.
You see here a throwing net.
You struggle against the net.
The wyvern zombie bites you! Harold barely misses you.
You struggle against the net.
The wyvern zombie bites you but does no damage.
The wyvern zombie bites you! Harold hits you with a +0 scimitar!!
* * * LOW HITPOINT WARNING * * *
You struggle against the net.
The wyvern zombie bites you but does no damage.
Harold hits you with a +0 scimitar!!
You die...

.. #. #. #. #
#. ##.#.
#.#...@########
#......@Z..Z...
........#......
#..#.##.# ###.#
# # #.# #.# #..
... ...


You could see Harold, a wyvern zombie and a howler monkey skeleton.

Vanquished Creatures
  A black bear (D:6)
  2 bullfrogs
  2 howler monkeys
  4 crimson imps (D:6)
  A hound (D:5)
  A centaur skeleton (D:5)
  2 orc priests (D:5)
  An iguana (D:5)
  A gnoll (D:2)
  5 adders
  A white imp (D:6)
  3 worms (D:2)
  4 dart slugs
  5 orcs
  4 ball pythons
  3 bat skeletons (D:3)
  4 bat zombies (D:3)
  9 endoplasms
  2 giant cockroaches
  12 goblins
  A hobgoblin (D:4)
  6 jackals
  2 quokkas
  A ball python skeleton (D:3)
  A bat (D:1)
  10 frilled lizards
  5 kobolds
  5 rats
98 creatures vanquished.

Vanquished Creatures (others)
  12 plants (D:3)
12 creatures vanquished.

Grand Total: 110 creatures vanquished

Notes
Turn   | Place    | Note
-------+----------+-------------------------------------------
     0 | D:1      | Sixotanaka the Merfolk Ice Elementalist began the quest for
                  | the Orb.
     0 | D:1      | Reached XP level 1. HP: 13/13 MP: 3/3
   467 | D:1      | Reached XP level 2. HP: 19/19 MP: 3/5
   559 | D:1      | Reached skill level 5 in Ice Magic
   937 | D:1      | Found a radiant altar of Vehumet.
   983 | D:1      | Became a worshipper of Vehumet
  1350 | D:2      | Reached XP level 3. HP: 16/24 MP: 0/6
  1531 | D:2      | Learned a level 3 spell: Frozen Ramparts
  1783 | D:2      | Found a faded altar of an unknown god.
  1814 | D:2      | Reached skill level 1 in Polearms
  2072 | D:2      | Reached XP level 4. HP: 30/30 MP: 1/7
  2327 | D:2      | Learned a level 3 spell: Ozocubu's Armour
  2578 | D:3      | Noticed an ice beast
  3023 | D:3      | Found an ancient bone altar of Kikubaaqudgha.
  3031 | D:3      | Reached * piety under Vehumet
  3031 | D:3      | Offered knowledge of Magic Dart by Vehumet.
  3515 | D:3      | Reached XP level 5. HP: 35/35 MP: 6/8
  3882 | D:4      | Noticed Menkaure
  4227 | D:4      | Found a glowing golden altar of the Shining One.
  4290 | D:4      | Got Luosoiz's Grimoire of Weightlessness
  4336 | D:4      | Found a broken altar of Ashenzari.
  4336 | D:4      | Found a hide-covered altar of Uskayaw.
  4360 | D:4      | Noticed a phantom
  4392 | D:5      | Entered Level 5 of the Dungeon
  4454 | D:5      | Noticed an ogre
  4507 | D:5      | Reached XP level 6. HP: 39/41 MP: 2/9
  4625 | D:5      | Noticed a two-headed ogre
  4637 | D:5      | Found an iron altar of Okawaru.
  4643 | D:5      | Reached skill level 5 in Polearms
  4717 | D:7      | Noticed an ice beast
  4742 | D:6      | Found a shimmering altar of Xom.
  4817 | D:7      | Noticed a sky beast
  4824 | D:5      | Noticed an ice beast
  4841 | D:6      | Offered knowledge of Scorch by Vehumet.
  4923 | D:6      | Reached ** piety under Vehumet
  4924 | D:6      | Reached XP level 7. HP: 43/46 MP: 8/10
  4935 | D:6      | Found a shimmering blue altar of Sif Muna.
  4996 | D:6      | Learned a level 1 spell: Foxfire
  5057 | D:6      | Found an opulent altar of Gozag.
  5088 | D:6      | Noticed Sigmund
  5390 | D:5      | Reached skill level 1 in Conjurations
  5910 | D:7      | Noticed Harold
  5913 | D:7      | Mangled by Harold

Illustrated notes

Levels and vault maps discovered:
D:1:      dpeg_arrival_rooms_c, layout_basic, kennysheep_flooded_box
D:2:      layout_loops_ring, hellmonk_ecumenical_altar_leap_of_faith
D:3:      minmay_chambers_of_threes, layout_basic, kennysheep_vampire_church,
          serial_bayou_pond_c
D:4:      cheibrodos_quashed, layout_cave_pools,
          amethyst_overflow_temple_binary, nemelex_spade_bored_becter,
          kennysheep_mini_moat, minmay_temple_entry_glass, kennysheep_nub,
          uniq_menkaure, uniq_crazy_yiuf_cottage
D:5:      layout_layer_cave, okawaru_ov_weapons_minmay,
          mainiacjoe_overflow_paths
D:6:      layout_basic, lemuel_tele_altar, led_xom_imps, lemuel_blue_sif_altar,
          kennysheep_generic_room_15, uniq_sigmund
D:7:      layout_loops_ring, worldfamousw_hep_ancestral_shrine, uniq_harold,
          uniq_maggie

Skill      XL: |  1  2  3  4  5  6  7 |
---------------+----------------------+-----
Ice Magic      | 5 6 7 |  7.9
Polearms       | 2 3 4 6 7 |  7.2
Conjurations   | 1 |  1.7
Dodging        | |  2.6
Stealth        | |  2.1
Spellcasting   | |  2.0

Action                   |  1- 3 |  4- 6 |  7- 9 || total
-------------------------+-------+-------+-------++-------
Melee: Dagger            |    10 |       |       ||    10
       Club              |     1 |       |       ||     1
       Spear             |    38 |   126 |    33 ||   197
 Cast: Freeze            |    50 |    52 |    14 ||   116
       Frozen Ramparts   |       |     1 |     4 ||     5
       Ozocubu's Armour  |       |       |     2 ||     2
  Use: Scroll            |       |     3 |       ||     3
 Stab: Sleeping          |     6 |     6 |       ||    12
Armor: Robe              |    17 |       |       ||    17
       Leather armour    |     4 |    70 |    24 ||    98
Dodge: Dodged            |    42 |   109 |    19 ||   170

Table legend: (Time is in decaauts)
 A = Elapsed time spent in this place.
 B = Non-inter-level travel time spent in this place.
 C = Inter-level travel time spent in this place.
 D = Time resting spent in this place.
 E = Time spent auto-exploring this place.
 F = Levels seen in this place.
 G = Mean time per level.
                   A        B        C        D        E       F      G
               +--------+--------+--------+--------+--------+-----+--------+
         Total |   5901 |   5619 |    282 |   1323 |   2740 |   7 |  843.0 |
       Dungeon |   5901 |   5619 |    282 |   1323 |   2740 |   7 |  843.0 |
               +--------+--------+--------+--------+--------+-----+--------+

Top non-repeatable levels by time:
     D:1: 1408 daAuts
     D:3: 1408 daAuts
     D:2: 1170 daAuts
     D:6: 777 daAuts
     D:5: 638 daAuts
     D:4: 489 daAuts
     D:7: 7 daAuts
